AoeStats
← 小白

Nomad

509088722Analyzed
4v4 RM · 7d ago on Sep 25, 2026· 22m 49s· 8 players
Game mode
Random Map
Map size
231×231
Population
200
Speed
Normal
Resources
Standard
Victory
Conquest
Starting age
Dark Age
Ending age
Imperial Age
RankedLock teamsTeams togetherTeam positionsShared explorationLock speedFull tech treeHidden civsTurbo modeCheats
Victory
Defeat
🇹🇼 Wu · Taiwan
1895
+9
🇹🇼 Mapuche · Taiwan
1826
+11
🇹🇼 Koreans · Taiwan
1646
+19
🇦🇺 Saracens · Australia
1573
+21
🇨🇳 Burgundians · China
1902
-23
🇨🇳 Bohemians · China
1675
-13
🇭🇰 Poles · Hong Kong SAR China
1629
-12
大平果是小菜鸡父亲
5:16 Loom
13:16 Feudal Age
13:51 Double-Bit Axe
14:30 Town Watch
16:59 Wheelbarrow
16:46 Fishing Lines
24:08 Castle Age
22:12 Gold Mining
22:14 Stone Mining
如果去现场的不是Yo是vivi该多好
8:48 Loom
11:13 Feudal Age
12:17 Town Watch
13:19 Fletching
17:37 Double-Bit Axe
大山鸡
4:54 Loom
13:37 Feudal Age
17:16 Castle Age
17:44 Fishing Lines
18:33 Double-Bit Axe
23:27 Wheelbarrow
Kanon
9:19 Fishing Lines
12:57 Feudal Age
14:22 Town Watch
14:56 Loom
17:46 Castle Age
16:19 Double-Bit Axe
17:47 Bow Saw
18:55 Fletching
20:21 Wheelbarrow
ResonanceFreq
7:16 Loom
14:39 Feudal Age
18:20 Castle Age
16:17 Double-Bit Axe
21:50 Fletching
小白
13:31 Feudal Age
14:26 Double-Bit Axe
17:14 Castle Age
15:15 Gold Mining
15:07 Fishing Lines
18:08 Bow Saw
18:20 Gillnets
18:31 Loom
19:23 Wheelbarrow
22:10 Medium Warships
DYS.K
13:28 Feudal Age
17:14 Castle Age
16:42 Double-Bit Axe
17:01 Fletching
17:43 Loom
18:21 Bow Saw
18:46 Gold Mining
19:00 Bodkin Arrow
22:25 Wheelbarrow
[LuB]a61
9:32 Loom
14:03 Feudal Age
14:41 Town Watch
17:44 Castle Age
15:34 Double-Bit Axe
15:43 Fishing Lines
18:38 Bow Saw
18:36 Fletching
19:01 Gold Mining
21:30 Bodkin Arrow
Connection lost

Rejoining the realm…

Still unreachable

The connection could not be restored.

Session expired

The server has moved on; the page needs a fresh start.